 Dungeon Crawl Stone Soup version 0.27-a0-1105-g946c659c87 (webtiles) character file.

Game seed: 8572251141991974915

26 rjrrt the Chopper (level 2, 0/24 HPs)
             Began as a Demonspawn Berserker on Apr 30, 2021.
             Was a Follower of Trog.
             Slain by a kobold
             ... wielding a +0 dagger of venom
              (4 damage)
             ... on level 2 of the Dungeon.
             The game lasted 00:01:08 (1211 turns).

rjrrt the Chopper (Demonspawn Berserker)            Turns: 1211, Time: 00:01:08

Health: 0/24       AC:  3    Str: 17    XL:     2   Next: 89%
Magic:  2/2        EV: 12    Int:  8    God:    Trog [*.....]
Gold:   36         SH:  0    Dex: 12    Spells: 1/1 levels left

rFire    . . .     SeeInvis .   a - +0 hand axe
rCold    . . .     Faith    .   (no shield)
rNeg     . . .     Spirit   .   b - +0 animal skin
rPois    .         Reflect  .   (helmet restricted)
rElec    .         Harm     .   (no cloak)
rCorr    .         Rampage  .   c - +0 pair of gloves
Will     .....                  (no boots)
Stlth    +.........             (no amulet)
HPRegen  0.08/turn              (no ring)
MPRegen  0.08/turn              (no ring)

@: lethally poisoned (0 -> -16)
A: antennae 1
a: Renounce Religion, Berserk


You were on level 2 of the Dungeon.
You worshipped Trog.
Trog was aware of your devotion.
You visited 1 branch of the dungeon, and saw 2 of its levels.

You collected 36 gold pieces.

Inventory:

Hand Weapons
 a - a +0 hand axe (weapon)
 f - a +0 halberd
Armour
 b - a +0 animal skin (worn)
 c - a +0 pair of gloves (worn)
Scrolls
 e - a scroll of enchant weapon {unknown}
Potions
 d - a potion of ambrosia {unknown}


   Skills:
 - Level 3.0 Fighting
 + Level 3.8 Axes
 - Level 1.7 Armour
 - Level 1.7 Dodging


You had one spell level left.
You didn't know any spells.
Your spell library was empty.

Dungeon Overview and Level Annotations

Branches:
Dungeon (2/15)

Altars:


Innate Abilities, Weirdness & Mutations

You have a pair of small antennae on your head.


Message History

There is a stone staircase leading up here.
You see here a worm corpse.
A bat comes into view.
The bat hits you but does no damage.
A kobold comes into view. It is wielding a +0 dagger.
The kobold shouts! x2
The bat closely misses you.
You see here 13 gold pieces.
You closely miss the kobold. The bat hits you but does no damage.
The kobold misses you.
You barely miss the kobold. The bat closely misses you. The kobold misses you.
You hit the kobold but do no damage. The bat closely misses you.
The kobold hits you but does no damage.
You are poisoned.
You hit the kobold but do no damage.
You feel sick. The bat closely misses you. The kobold barely misses you.
You closely miss the kobold.
You feel sick.
The bat hits you but does no damage. x2; The kobold misses you.
The kobold hits you with a +0 dagger. The kobold barely misses you.
Unknown command.
You barely miss the kobold. You hit the kobold but do no damage.
You miss the bat.
You feel sick. The bat closely misses you.
The kobold hits you with a +0 dagger. The kobold hits you but does no damage.
You are more poisoned.
You barely miss the bat. You hit the kobold. x2
You feel very sick.
The bat hits you but does no damage. x2; The kobold hits you with a +0 dagger.
The kobold hits you with a +0 dagger of venom.
You are more poisoned.
You hit the kobold but do no damage.
The kobold is severely wounded.
You barely miss the kobold.
* * * LOW HITPOINT WARNING * * *
You feel very sick. The bat barely misses you. The bat hits you.
* * * LOW HITPOINT WARNING * * *
The kobold hits you with a +0 dagger.
* * * LOW HITPOINT WARNING * * *
The kobold hits you with a +0 dagger of venom.
You die...

.... . #..# #. #..
#.. #.########
....######.........
..........<.#
.#.###..#######..
#.†##b......
#...@K......
#......##K......
#...##.# #####..
..... ..# #### ####


You could see a bat and 2 kobolds.

Vanquished Creatures
  A worm (D:2)
  2 ball pythons (D:1)
  3 endoplasms (D:1)
  A giant cockroach (D:1)
  3 goblins (D:1)
  3 hobgoblins (D:1)
  2 kobolds (D:1)
  4 bats (D:1)
  A rat (D:1)
20 creatures vanquished.

Notes
Turn   | Place    | Note
-------+----------+-------------------------------------------
     0 | D:1      | rjrrt the Demonspawn Berserker began the quest for the Orb.
     0 | D:1      | Reached XP level 1. HP: 18/18 MP: 1/1
   269 | D:1      | Gained mutation: You have a pair of small antennae on your
                  | head. [demonic ancestry]
   269 | D:1      | Reached XP level 2. HP: 18/24 MP: 2/2
   583 | D:1      | Found a faded altar of an unknown god.
  1211 | D:2      | Slain by a kobold

Illustrated notes

Levels and vault maps discovered:
D:1:      ncdulo_wetmaze, layout_basic, basic_ecumenical_altar
D:2:      cheibrodos_pilgrimage, layout_loops_cross, basic_altar, serial_shops,
          nicolae_shop_crystal

Skill      XL: |  1 |
---------------+----+-----
Axes           | 3 |  3.8
Fighting       | |  3.0
Armour         | |  1.7
Dodging        | |  1.7

Action                   || total
-------------------------++-------
Melee: Hand axe          ||    69
Invok: Berserk           ||     1
 Stab: Sleeping          ||     1
Armor: Animal skin       ||    24
Dodge: Dodged            ||    55

Table legend: (Time is in decaauts)
 A = Elapsed time spent in this place.
 B = Non-inter-level travel time spent in this place.
 C = Inter-level travel time spent in this place.
 D = Time resting spent in this place.
 E = Time spent auto-exploring this place.
 F = Levels seen in this place.
 G = Mean time per level.
                   A        B        C        D        E       F      G
               +--------+--------+--------+--------+--------+-----+--------+
         Total |   1234 |   1213 |     21 |    424 |    614 |   2 |  617.0 |
       Dungeon |   1234 |   1213 |     21 |    424 |    614 |   2 |  617.0 |
               +--------+--------+--------+--------+--------+-----+--------+

Top non-repeatable levels by time:
     D:1: 1102 daAuts
     D:2: 131 daAuts
